AoeStats
← Fs.Black_

Arena

504910970Analyzed
4v4 RM · 25d ago on Sep 7, 2026· 35m 42s· 8 players
Game mode
Random Map
Map size
Large (8 player)
Population
200
Speed
Normal
Resources
Standard
Victory
Conquest
Starting age
Dark Age
Ending age
Imperial Age
RankedLock teamsTeams togetherTeam positionsShared explorationLock speedFull tech treeHidden civsTurbo modeCheats
Victory
Defeat
🇮🇹 Khmer · Italy
2066
+4
🇮🇹 Dravidians · Italy
1981
+6
🇩🇪 Koreans · Germany
1968
+6
🇺🇸 Romans · United States
1964
+6
🇧🇷 Malay · Brazil
1777
-7
🇧🇷 Franks · Brazil
1731
-6
🇧🇷 Wu · Brazil
1712
-5
🇧🇷 Bengalis · Brazil
1654
-4
Fs.Diablo
10:11 Feudal Age
13:55 Castle Age
12:01 Double-Bit Axe
19:24 Wheelbarrow
21:03 Hand Cart
21:01 Gold Mining
26:50 Imperial Age
25:43 Gold Shaft Mining
25:24 Scale Barding Armor
25:30 Forging
26:54 Chain Barding Armor
27:09 Husbandry
27:19 Cavalier
29:09 Plate Barding Armor
31:09 Iron Casting
30:33 Loom
30:43 Stone Mining
30:37 Capped Ram
33:50 Blast Furnace
32:43 Pikeman
33:25 Scale Mail Armor
33:45 Town Watch
33:38 Halberdier
34:18 Squires
34:04 Gambesons
34:05 Arson
35:57 Conscription
Fs.Costinha
9:18 Feudal Age
8:04 Loom
13:06 Castle Age
11:19 Double-Bit Axe
16:32 Sanctity
23:31 Bow Saw
25:53 Horse Collar
35:43 Wheelbarrow
Fs.Black_
9:51 Feudal Age
13:37 Castle Age
11:52 Double-Bit Axe
19:51 Horse Collar
22:36 Fletching
23:18 Bow Saw
23:41 Bodkin Arrow
23:58 Loom
26:13 Heavy Plow
26:52 Wheelbarrow
30:00 Hand Cart
32:27 Imperial Age
29:58 Gold Mining
29:58 Stone Mining
31:27 Padded Archer Armor
31:28 Scale Mail Armor
32:22 Ballistics
32:50 Squires
33:06 Chain Mail Armor
33:02 Forging
34:12 Chemistry
33:41 Conscription
34:43 Plate Mail Armor
33:38 Man-at-Arms
34:24 Murder Holes
35:50 Gold Shaft Mining
36:05 Iron Casting
34:51 Long Swordsman
Fs.Nicolau Mendes
9:15 Feudal Age
8:52 Double-Bit Axe
8:50 Horse Collar
16:37 Castle Age
14:53 Gold Mining
16:28 Bow Saw
20:00 Wheelbarrow
21:51 Heavy Plow
24:48 Hand Cart
24:28 Loom
27:19 Imperial Age
25:33 Forging
25:47 Squires
26:21 Pikeman
27:38 Iron Casting
28:23 Conscription
30:22 Blast Furnace
30:06 Halberdier
34:37 Fletching
35:49 Chemistry
35:27 Bodkin Arrow
35:54 Ballistics
OS+ | The Wilderness
10:29 Feudal Age
14:03 Castle Age
12:24 Horse Collar
12:47 Double-Bit Axe
15:15 Bow Saw
16:40 Town Watch
16:48 Gold Mining
19:54 Wheelbarrow
26:07 Loom
29:58 Stone Mining
32:30 Hand Cart
34:49 Imperial Age
32:28 Fletching
33:07 Ballistics
32:58 Fortified Wall
33:51 Gold Shaft Mining
36:40 Chemistry
35:17 Heavy Scorpion
35:26 Capped Ram
36:15 Siege Engineers
OS+ | VoNDutcH
10:40 Feudal Age
13:38 Castle Age
11:33 Double-Bit Axe
11:31 Horse Collar
14:32 Bow Saw
14:28 Town Watch
17:44 Light Cavalry
20:59 Light Cavalry
24:10 Wheelbarrow
25:30 Hand Cart
25:37 Gold Mining
28:23 Imperial Age
27:15 Forging
27:35 Scale Barding Armor
27:52 Bloodlines
27:43 Husbandry
28:43 Iron Casting
29:12 Elite Battle Elephant
31:03 Chain Barding Armor
31:14 Tusk Swords
33:09 Plate Barding Armor
33:37 Blast Furnace
33:19 Conscription
34:52 Fortified Wall
Nineshine
10:27 Feudal Age
14:02 Castle Age
12:15 Horse Collar
12:20 Double-Bit Axe
15:07 Bow Saw
21:37 Wheelbarrow
21:33 Heavy Plow
23:13 Gold Mining
27:20 Imperial Age
24:59 Fletching
25:09 Loom
25:09 Town Watch
25:54 Ballistics
25:55 Stone Mining
26:13 Bodkin Arrow
26:51 Hand Cart
26:36 Town Patrol
28:02 Thumb Ring
28:01 Bracer
29:05 Chemistry
30:15 Padded Archer Armor
30:32 Elite Elephant Archer
32:35 Leather Archer Armor
32:36 Caravan
32:51 Husbandry
33:01 Medical Corps
34:35 Coinage
RoR | Smokealot
10:28 Feudal Age
14:48 Castle Age
12:38 Double-Bit Axe
12:35 Horse Collar
13:45 Gold Mining
15:03 Scale Mail Armor
15:14 Forging
16:33 Squires
20:57 Arson
26:15 Wheelbarrow
27:33 Hand Cart
27:04 Loom
28:07 Stone Mining
29:42 Bow Saw
30:26 Heavy Plow
32:08 Stone Shaft Mining
32:12 Gold Shaft Mining
35:16 Imperial Age
32:33 Town Watch
33:13 Ballistics
32:44 Fletching
33:17 Caravan
33:25 Bodkin Arrow
35:30 Coinage
35:17 Elite War Wagon
36:18 Conscription
36:00 Bracer
37:13 Chemistry
Connection lost

Rejoining the realm…

Still unreachable

The connection could not be restored.

Session expired

The server has moved on; the page needs a fresh start.